 Dungeon Crawl Stone Soup version 0.23-a0-404-g0063841da3 (webtiles) character file.

82 Banto the Sneak (level 4, 0/27 HPs)
             Began as an Octopode Earth Elementalist on Nov 5, 2018.
             Killed from afar by Sigmund (8 damage)
             ... with a magic dart
             ... on level 2 of the Dungeon.
             The game lasted 00:02:48 (2347 turns).

Banto the Sneak (Octopode Earth Elementalist)       Turns: 2347, Time: 00:02:49

Health: 0/27       AC:  1    Str:  7    XL:     4   Next: 43%
Magic:  4/7        EV: 13    Int: 18    God:
Gold:   39         SH:  0    Dex: 12    Spells: 1/7 levels left

rFire    . . .     SeeInvis .   g - +1 dagger
rCold    . . .     Gourm    .   (no shield)
rNeg     . . .     Faith    .   (helmet restricted)
rPois    .         Spirit   .   (no amulet)
rElec    .         Reflect  .   k - ring of flight
rCorr    .         Harm     .   (no ring)
MR       .....                  (no ring)
Stlth    ++++......             (no ring)
HPRegen  0.09/turn              (no ring)
MPRegen  0.10/turn              (no ring)
                                (no ring)
                                (no ring)

@: no status effects
A: almost no armour, stealthy swim, amphibious, 8 rings, constrict 8, camouflage
1, gelatinous body 1
a: Evoke Flight


You were on level 2 of the Dungeon.
You were not hungry.

You visited 1 branch of the dungeon, and saw 3 of its levels.

You collected 39 gold pieces.

Inventory:

Hand Weapons
 a - a +0 short sword
 g - a +1 dagger (weapon)
Missiles
 b - 78 stones (quivered)
Jewellery
 k - a ring of flight (left tentacle)
Scrolls
 e - a scroll of identify {unknown}
Potions
 d - a potion of lignification {unknown}
 j - a potion of curing {unknown}
 l - a potion of invisibility {unknown}
 m - 3 potions of heal wounds {unknown}
 n - a potion of flight {unknown}
 o - a potion of might {unknown}
Comestibles
 c - 4 rations


   Skills:
 + Level 1.0 Short Blades
 - Level 2.0 Dodging
 + Level 4.2 Stealth
 + Level 2.3 Spellcasting
 + Level 1.5 Transmutations
 + Level 3.8 Earth Magic


You had one spell level left.
You knew the following spells:

 Your Spells              Type           Power        Failure   Level  Hunger
a - Sandblast             Erth           ###...       3%          1    #......
b - Passwall              Tmut/Erth      ##......     9%          2    ##.....
c - Stone Arrow           Conj/Erth      #.....       24%         3    ###....

Your spell library contained the following spells:

 Spells                   Type           Power        Failure   Level  Hunger
 Petrify                  Tmut/Erth      ##......     50%         4    #####..
 Lee's Rapid Deconstruct  Erth           ###.......   69%         5    ######.


Dungeon Overview and Level Annotations

Branches:
Dungeon (3/15)

Altars:

Annotations:
D:2 Sigmund


Innate Abilities, Weirdness & Mutations

You cannot wear most types of armour.
You are very stealthy in the water. (Stealth+)
You are amphibious.
You can wear up to eight rings at the same time.
You can use your tentacles to constrict eight enemies at once.
Your skin changes colour to match your surroundings (Stealth+).
Your rubbery body absorbs attacks. (AC +1, EV +1)


Message History

Press: ? - help, Shift-Dir - straight line
b - 79 stones Something hits you!
Ouch! That really hurt!
You take 14 damage, and have 13/27 hp.
MASSIVE DAMAGE!!
You now have 4/7 mp.
Casting: Sandblast (safe; 3% risk of failure)
Confirm with . or Enter, or press ? or * to list all spells.
Aiming: Sandblast (safe; 3% risk of failure)
Press: ? - help, Shift-Dir - straight line The blast of sand hits something.
b - 78 stones Something hits you.
* * * LOW HITPOINT WARNING * * *
You take 6 damage, and have 7/27 hp.
MASSIVE DAMAGE!!
You now have 3/7 mp.
Unknown command.
You aren't carrying any items that you can evoke.
Okay, then.
A magic dart appears from out of thin air!
The magic dart hits you!
You die...

......≈# #................#..##
..)...≈#####................#..##
8.÷....'...........####.....#...#
......≈#.....).....####.....##..#
......≈#....................##..#
......≈#....................###.#
......≈#....................# #..
......≈#...........####.....# #..
≈≈≈≈≈≈≈#........@..# #.....# #..
########...........####.....# #.#
............................# #..
..........)..............#### ##.
..........########.......# ####.
..........# ######### #....
..........# #.### ..........# #.#
..........# #.#


There were no monsters in sight!

Vanquished Creatures
  2 adders (D:3)
  An ooze (D:2)
  A dart slug (D:1)
  5 worms
  A leopard gecko (D:3)
  2 giant cockroaches
  3 goblins (D:1)
  7 hobgoblins
  3 quokkas
  3 ball pythons
  3 bats
  3 frilled lizards
  6 kobolds
  4 rats
44 creatures vanquished.

Notes
Turn   | Place    | Note
-------+----------+-------------------------------------------
     0 | D:1      | Banto the Octopode Earth Elementalist began the quest for
                  | the Orb.
     0 | D:1      | Reached XP level 1. HP: 11/11 MP: 3/3
    62 | D:1      | Reached skill level 3 in Stealth
   310 | D:1      | Reached XP level 2. HP: 15/17 MP: 5/5
   876 | D:2      | Noticed Sigmund
   957 | D:2      | Reached XP level 3. HP: 18/21 MP: 6/6
   964 | D:2      | Learned a level 2 spell: Passwall
   968 | D:2      | Learned a level 3 spell: Stone Arrow
  1202 | D:2      | Reached skill level 4 in Stealth
  1643 | D:3      | Reached XP level 4. HP: 13/27 MP: 5/7
  2290 | D:2      | Reached skill level 1 in Short Blades
  2347 | D:2      | Killed from afar by Sigmund

Vault maps used:
D:1:      psy_arrival_whirlpool
D:2:      kennysheep_generic_room_16, uniq_sigmund
D:3:      first_ration

Skill      XL: |  1  2  3  4 |
---------------+-------------+-----
Stealth        | 3 4 |  4.2
Short Blades   | 1 |  1.0
Dodging        | |  2.0
Spellcasting   | |  2.3
Transmutations | |  1.5
Earth Magic    | |  3.8

Action                   |  1- 3 |  4- 6 || total
-------------------------+-------+-------++-------
Melee: Short sword       |    23 |       ||    23
       Constrict         |    22 |     3 ||    25
       Unarmed           |     2 |       ||     2
       Tentacles         |    11 |     2 ||    13
       Dagger            |    67 |    16 ||    83
 Cast: Sandblast         |    16 |    10 ||    26
       Passwall          |     1 |       ||     1
  Use: Scroll            |       |     5 ||     5
 Stab: Sleeping          |     2 |     3 ||     5
  Eat: Chunk             |     3 |     2 ||     5
Armor: Skin              |    14 |       ||    14
Dodge: Dodged            |    78 |    14 ||    92

Table legend:
 A = Non-vault XP
 B = Vault XP
 C = Vault XP percentage of total XP
 D = Non-vault monster count
 E = Vault monster count
 F = Vault count percentage of total count
                 A         B        C        D         E       F
            +---------+---------+-------+---------+---------+-------
      Total |     117 |       1 |   0.8 |      43 |       1 |   2.3
            +---------+---------+-------+---------+---------+-------
        D:1 |      30 |       0 |   0.0 |      17 |       0 |   0.0
        D:2 |      39 |       1 |   2.5 |      16 |       1 |   5.9
        D:3 |      48 |       0 |   0.0 |      10 |       0 |   0.0
            +---------+---------+-------+---------+---------+-------

Table legend:
 A = Turns spent in this place as a percentage of turns spent in the entire game.
 B = Non-inter-level travel turns spent in this place as a percentage of non-inter-level travel turns spent in the entire game.
 C = Inter-level travel turns spent in this place as a percentage of turns spent in this place.
 D = Turns resting spent in this place as a percentage of non-inter-level travel turns spent in this place.
 E = Turns spent auto-exploring this place as a percentage of non-inter-level travel turns spent in this place.
 F = Non-inter-level travel turns spent in this place divided by the number of levels of this place that you've seen.
                   A       B       C       D       E      F
               +-------+-------+-------+-------+-------+----------------------
         Total | 100.0 | 100.0 |   2.5 |  38.5 |  39.5 | 763.0
       Dungeon | 100.0 | 100.0 |   2.5 |  38.5 |  39.5 | 763.0
               +-------+-------+-------+-------+-------+----------------------

Table legend:
 A = Kills in this place as a percentage of kills in entire the game.
 B = Kills by you in this place as a percentage of kills by you in the entire game.
 C = Kills by friends in this place as a percentage of kills by friends in the entire game.
 D = Other kills in this place as a percentage of other kills in the entire game.
 E = Experience gained in this place as a percentage of experience gained in the entire game.
 F = Experience gained in this place divided by the number of levels of this place that you have seen.
                   A       B       C       D       E      F
               +-------+-------+-------+-------+-------+----------------------
         Total | 100.0 | 100.0 |   N/A |   N/A | 100.0 |  39.3
       Dungeon | 100.0 | 100.0 |   N/A |   N/A | 100.0 |  39.3
               +-------+-------+-------+-------+-------+----------------------
